[gd_scene load_steps=10 format=2]

[ext_resource path="res://Scenes/Main.gd" type="Script" id=1]
[ext_resource path="res://Scenes/MainSceneSprites/darkeningscreen.png" type="Texture" id=2]
[ext_resource path="res://Scenes/FirstScene.tscn" type="PackedScene" id=3]
[ext_resource path="res://Scenes/SelectScene.tscn" type="PackedScene" id=4]
[ext_resource path="res://Player/player.tscn" type="PackedScene" id=5]
[ext_resource path="res://Scenes/3891-hyperfun-by-kevin-macleod.ogg" type="AudioStream" id=6]
[ext_resource path="res://assets/Fond.png" type="Texture" id=7]

[sub_resource type="Animation" id=1]
resource_name = "brighten"
tracks/0/type = "value"
tracks/0/path = NodePath(".:modulate")
tracks/0/interp = 1
tracks/0/loop_wrap = true
tracks/0/imported = false
tracks/0/enabled = true
tracks/0/keys = {
"times": PoolRealArray( 0, 1 ),
"transitions": PoolRealArray( 1, 1 ),
"update": 0,
"values": [ Color( 1, 1, 1, 0.392157 ), Color( 1, 1, 1, 0 ) ]
}

[sub_resource type="Animation" id=2]
resource_name = "darken"
tracks/0/type = "value"
tracks/0/path = NodePath(".:modulate")
tracks/0/interp = 1
tracks/0/loop_wrap = true
tracks/0/imported = false
tracks/0/enabled = true
tracks/0/keys = {
"times": PoolRealArray( 0, 1 ),
"transitions": PoolRealArray( 1, 1 ),
"update": 0,
"values": [ Color( 1, 1, 1, 0 ), Color( 1, 1, 1, 0.392157 ) ]
}

[node name="Holder" type="Node2D"]
script = ExtResource( 1 )

[node name="Veil" type="Sprite" parent="."]
modulate = Color( 1, 1, 1, 0 )
scale = Vector2( 999, 999 )
z_index = 1
texture = ExtResource( 2 )

[node name="VeilAnimation" type="AnimationPlayer" parent="Veil"]
anims/brighten = SubResource( 1 )
anims/darken = SubResource( 2 )

[node name="FirstScene" parent="." instance=ExtResource( 3 )]

[node name="CanvasLayer" type="CanvasLayer" parent="."]

[node name="HSplitContainer" parent="CanvasLayer" instance=ExtResource( 4 )]
visible = false

[node name="Player" parent="." instance=ExtResource( 5 )]
position = Vector2( 339.52, 371.243 )

[node name="Music" type="AudioStreamPlayer2D" parent="Player"]
position = Vector2( -2263.47, -2474.95 )
scale = Vector2( 6.66667, 6.66667 )
stream = ExtResource( 6 )
autoplay = true

[node name="Timer" type="Timer" parent="."]
one_shot = true

[node name="ParallaxBackground" type="ParallaxBackground" parent="."]

[node name="Spr" type="Sprite" parent="ParallaxBackground"]
position = Vector2( 1777.28, 1239.18 )
z_index = -10
texture = ExtResource( 7 )
[connection signal="animation_finished" from="Veil/VeilAnimation" to="." method="_on_VeilAnimation_animation_finished"]
[connection signal="respawn" from="Player" to="." method="_on_Player_respawn"]
[connection signal="timeout" from="Timer" to="." method="_on_Timer_timeout"]
